 Dungeon Crawl Stone Soup version 0.25-a0-105-g2289b3b9f1 (webtiles) character file.

Game seed: 6254016807416661400, levelgen mode: deterministic

844 Freyura the Ruffian (level 7, -15/71 HPs)
             Began as a Troll Berserker on Nov 16, 2019.
             Was a Priest of Trog.
             Demolished by a gargoyle
             ... wielding a +0 flail
              (18 damage)
             ... on level 5 of the Dungeon.
             The game lasted 00:09:06 (2895 turns).

Freyura the Ruffian (Troll Berserker)               Turns: 2895, Time: 00:09:07

Health: -15/71     AC:  6    Str: 26    XL:     7   Next: 68%
Magic:  6/6        EV: 10    Int:  3    God:    Trog [***...]
Gold:   409        SH:  0    Dex: 11    Spells: 6/6 levels left

rFire    . . .     SeeInvis .     - Unarmed
rCold    . . .     Gourm    +   (no shield)
rNeg     . . .     Faith    .   a - +0 animal skin
rPois    .         Spirit   .   (helmet restricted)
rElec    .         Reflect  .   (no cloak)
rCorr    .         Harm     .   (gloves unavailable)
MR       .....                  (boots unavailable)
Stlth    +.........             (no amulet)
HPRegen  0.61/turn              (no ring)
MPRegen  0.10/turn              (no ring)

@: no status effects
A: large, unfitting armour, claws 3, fast metabolism 3, gourmand, regeneration
1, shaggy fur 1, tough skin 3
a: Berserk, Trog's Hand, Renounce Religion


You were on level 5 of the Dungeon.
You worshipped Trog.
Trog was most pleased with you.
You were very full.

You visited 1 branch of the dungeon, and saw 5 of its levels.

You collected 409 gold pieces.

Inventory:

Armour
 a - a +0 animal skin (worn)
Jewellery
 g - an uncursed amulet of harm {unknown}
Wands
 k - a wand of digging (2)
Scrolls
 c - 2 scrolls of immolation {unknown}
 d - 2 scrolls of identify {unknown}
 e - 8 scrolls of teleportation {unknown}
 f - 4 scrolls of remove curse {unknown}
 l - 2 scrolls of fear {unknown}
 m - a scroll of blinking {unknown}
 n - a scroll of enchant armour {unknown}
Potions
 h - a potion of degeneration {unknown}
 i - 2 potions of mutation {unknown}
 j - 2 potions of agility {unknown}
Comestibles
 b - 11 rations


   Skills:
 + Level 4.7 Fighting
 - Level 2.4 Dodging
 * Level 7.8 Unarmed Combat


You had 6 spell levels left.
You didn't know any spells.
Your spell library was empty.

Dungeon Overview and Level Annotations

Branches:
Dungeon (5/15)             Temple (0/1) D:4

Altars:
Ashenzari
Gozag
Hepliaklqana
Makhleb


Innate Abilities, Weirdness & Mutations

You are too large for most types of armour.
You have claws for hands.
Your metabolism is lightning-fast.
You like to eat raw meat.
Your natural rate of healing is unusually fast.
You are covered in fur. (AC +1)
You have extremely tough skin. (AC +3)


Message History

The gargoyle is moderately damaged.
You feel sick.
You are no longer poisoned.
The gargoyle hits you with a +0 flail.
* * * LOW HITPOINT WARNING * * *
You closely miss the gargoyle.
The gargoyle is moderately damaged.
The gargoyle hits you with a +0 flail.
* * * LOW HITPOINT WARNING * * *
You claw the gargoyle!
The gargoyle is almost destroyed.
You scratch the gargoyle.
The gargoyle is almost destroyed.
The gargoyle hurls a stone arrow at you.
The stone arrow hits you!
* * * LOW HITPOINT WARNING * * *
You scratch the gargoyle but do no damage.
The gargoyle is almost destroyed.
The gargoyle hits you with a +0 flail!!
You die...

#.# #.#.#### #......###.#
#. ####.# #.#.##..
#......###.# #. ..##.#
#...##.cg#......#.[.# #.
.....#
#.####.Z$#......###.####.
...### #...##'#######'##
#...... ...#
####.#.#....#..)..#
#.####. ..##
#....#.#....#.....####[#
#.#
#.######...9#.....#....#
#.# #.#
#...@'.....####.####. #.#
#.# ######.....#.........
#.# #.# ##########.#####
#.# #.# #.# #.# #.# #.#
#.# #.# #.# #.# #.# #.#
#.# #.# #.# #[# #.# #.#


You could see a gargoyle.

Vanquished Creatures
  A phantom (D:4)
  2 ogres
  2 centaurs (D:5)
  A scorpion (D:4)
  A hound (D:4)
  A bullfrog skeleton (D:4)
  An orc priest (D:4)
  A jelly (D:1)
  An orc wizard (D:4)
  Terence (D:2)
  2 worker ants (D:4)
  3 adders
  6 oozes (D:1)
  An adder zombie (D:5)
  A worm (D:2)
  A leopard gecko (D:1)
  15 orcs
  A ball python (D:2)
  5 giant cockroaches
  4 hobgoblins
  10 jackals
  4 kobolds
  A quokka (D:4)
  8 bats
  6 frilled lizards
  11 goblins
  12 rats
103 creatures vanquished.

Notes
Turn   | Place    | Note
-------+----------+-------------------------------------------
     0 | D:1      | Freyura the Troll Berserker began the quest for the Orb.
     0 | D:1      | Reached XP level 1. HP: 22/22 MP: 0/0
     0 | D:1      | Noticed a jelly
     1 | D:1      | Found a runed translucent door.
    15 | D:1      | Reached XP level 2. HP: 29/29 MP: 1/1
    31 | D:1      | Reached skill level 4 in Unarmed Combat
    31 | D:1      | Reached XP level 3. HP: 7/36 MP: 2/2
    80 | D:1      | Reached XP level 4. HP: 32/45 MP: 3/3
   204 | D:1      | Reached ** piety under Trog
   611 | D:2      | Found an opulent altar of Gozag.
   637 | D:2      | Noticed Terence
   649 | D:2      | Killed Terence
   783 | D:2      | Reached skill level 5 in Unarmed Combat
   829 | D:2      | Reached XP level 5. HP: 53/53 MP: 4/4
  1217 | D:3      | Found a shattered altar of Ashenzari.
  1385 | D:3      | Reached *** piety under Trog
  1440 | D:3      | Found a burning altar of Makhleb.
  1679 | D:4      | Found a hazy altar of Hepliaklqana.
  1726 | D:4      | Noticed a phantom
  1757 | D:4      | Killed a phantom
  1757 | D:4      | Reached XP level 6. HP: 25/62 MP: 5/5
  1897 | D:4      | Found a staircase to the Ecumenical Temple.
  1903 | D:4      | Reached skill level 6 in Unarmed Combat
  2344 | D:4      | Reached XP level 7. HP: 52/70 MP: 6/6
  2419 | D:4      | Reached skill level 7 in Unarmed Combat
  2529 | D:5      | Entered Level 5 of the Dungeon
  2856 | D:5      | Noticed a gargoyle
  2894 | D:5      | HP: 2/71 [gargoyle/stone arrow (17)]
  2895 | D:5      | Demolished by a gargoyle

Levels and vault maps discovered:
D:1:      dpeg_arrival_caged_fury, layout_basic, minmay_tiny_reverse_x
D:2:      layout_basic, nicolae_gozag_seed_capital, serial_corexii_hall,
          chequers_hall_statues_y, corexii_hall_statues_deadend, first_ration,
          st_stairs_10, minmay_tromino_v4_b, uniq_terence
D:3:      layout_rooms, nicolae_overflow_crystal_walls, evilmike_ruin_ashenzari
D:4:      layout_basic, lemuel_round_altar, minmay_temple_entry_drinking_statues
D:5:      minmay_clustersquares, layout_loops_ring, okawaru_gym_becter

Skill      XL: |  1  2  3  4  5  6  7 |
---------------+----------------------+-----
Unarmed Combat | 4 5 6 7 |  7.8
Fighting       | 3 4 |  4.7
Dodging        | |  2.4

Action                   |  1- 3 |  4- 6 |  7- 9 || total
-------------------------+-------+-------+-------++-------
Melee: Unarmed           |    45 |   211 |    29 ||   285
       Punch             |     1 |     6 |       ||     7
Invok: Berserk           |     1 |     1 |       ||     2
 Stab: Sleeping          |       |       |     1 ||     1
  Eat: Chunk             |     7 |    22 |     4 ||    33
Armor: Animal skin       |    39 |    76 |     9 ||   124
Dodge: Dodged            |    38 |   106 |    14 ||   158

Table legend:
 A = Non-vault XP
 B = Vault XP
 C = Vault XP percentage of total XP
 D = Non-vault monster count
 E = Vault monster count
 F = Vault count percentage of total count
                 A         B        C        D         E       F
            +---------+---------+-------+---------+---------+-------
      Total |     815 |     392 |  32.5 |      75 |      28 |  27.2
            +---------+---------+-------+---------+---------+-------
        D:1 |      30 |     100 |  76.9 |      18 |      18 |  50.0
        D:2 |      30 |      41 |  57.7 |      13 |       5 |  27.8
        D:3 |      35 |       0 |   0.0 |      18 |       0 |   0.0
        D:4 |     610 |       0 |   0.0 |      25 |       0 |   0.0
        D:5 |     110 |     251 |  69.5 |       1 |       5 |  83.3
            +---------+---------+-------+---------+---------+-------
